AoeStats
← JTA.KZANOVA

Arabian Desert

510438285Analyzed
1v1 RM · 2d ago on Oct 1, 2026· 35m 16s· 2 players
Game mode
Random Map
Map size
Tiny (2 player)
Population
200
Speed
Normal
Resources
Standard
Victory
Conquest
Starting age
Dark Age
Ending age
Imperial Age
RankedLock teamsTeams togetherTeam positionsShared explorationLock speedFull tech treeHidden civsTurbo modeCheats
Victory
Defeat
🇨🇱 Bulgarians · Chile
689
+18
🇺🇸 Shu · United States
740
-18
JTA.KZANOVA
8:36 Loom
11:01 Feudal Age
11:39 Double-Bit Axe
14:10 Forging
14:01 Scale Mail Armor
14:09 Horse Collar
14:38 Fletching
16:33 Wheelbarrow
19:16 Padded Archer Armor
21:54 Castle Age
21:07 Town Watch
27:57 Scale Barding Armor
27:59 Murder Holes
30:39 Chain Barding Armor
34:36 Ballistics
LXXIII
5:34 Loom
11:38 Feudal Age
15:45 Castle Age
14:47 Double-Bit Axe
14:54 Gold Mining
34:14 Husbandry
34:25 Scale Barding Armor
Connection lost

Rejoining the realm…

Still unreachable

The connection could not be restored.

Session expired

The server has moved on; the page needs a fresh start.